 Dungeon Crawl Stone Soup version 0.26-a0-663-g36e8fdb655 (webtiles) character file.

Game seed: 11053261905934931652

63 halkony2012 the Conjurer (level 3, -6/26 HPs)
             Began as a Draconian Conjurer on Oct 11, 2020.
             Killed from afar by Sigmund (12 damage)
             ... with a puff of flame
             ... on level 3 of the Dungeon.
             The game lasted 00:09:50 (2281 turns).

halkony2012 the Conjurer (Draconian Conjurer)       Turns: 2281, Time: 00:09:50

Health: -6/26      AC:  5    Str: 15    XL:     3   Next: 89%
Magic:  3/6        EV: 12    Int: 19    God:
Gold:   66         SH:  0    Dex:  9    Spells: 3/6 levels left

rFire    . . .     SeeInvis .   c - +0 dagger
rCold    . . .     Faith    .   (no shield)
rNeg     . . .     Spirit   .   (armour unavailable)
rPois    .         Reflect  .   (helmet restricted)
rElec    .         Harm     .   (no cloak)
rCorr    .         Rampage  .   (no gloves)
MR       .....                  (no boots)
Stlth    ++........             (no amulet)
HPRegen  0.08/turn              a - ring of wizardry
MPRegen  0.10/turn              i - +6 ring of strength

@: no status effects
A: unfitting armour, cold-blooded, AC +5
a: no special abilities


You were on level 3 of the Dungeon.
You visited 1 branch of the dungeon, and saw 3 of its levels.

You collected 66 gold pieces.

Inventory:

Hand Weapons
 c - a +0 dagger (weapon)
Jewellery
 a - a ring of wizardry (left hand)
 i - a +6 ring of strength (right hand)
 m - a +4 ring of evasion {unknown}
Wands
 n - a wand of random effects (19)
Scrolls
 d - a scroll of remove curse {unknown}
 e - a scroll of identify {unknown}
 f - a scroll of fear {unknown}
 g - a scroll of magic mapping {unknown}
 h - a scroll of fog {unknown}
 k - a scroll of enchant armour {unknown}
Potions
 j - 3 potions of curing {unknown}
 l - a potion of stabbing {unknown}


   Skills:
 + Level 2.1 Dodging
 - Level 1.7 Stealth
 + Level 2.3 Spellcasting
 * Level 5.1 Conjurations


You had 3 spell levels left.
You knew the following spells:

 Your Spells              Type           Power        Failure   Level
a - Magic Dart            Conj           ###.         1%          1
b - Searing Ray           Conj           ###...       1%          2

Your spell library contained the following spells:

 Spells                   Type           Power        Failure   Level
 Dazzling Flash           Conj/Hex       ##....       7%          3
 Fulminant Prism          Conj/Hex       ##........   22%         4
 Iskenderun's Mystic Bla  Conj/Tloc      ##......     22%         4


Dungeon Overview and Level Annotations

Branches:
Dungeon (3/15)

Altars:

Annotations:
D:3 Sigmund


Innate Abilities, Weirdness & Mutations

Your plain brown scales are hard. (AC +5)
You cannot fit into any form of body armour.
You are cold-blooded and may be slowed by cold attacks.


Message History

Casting: Magic Dart (safe; 1% risk of failure)
Confirm with . or Enter, or press ? or * to list all spells.
Press: ? - help, Shift-Dir - straight line The magic dart hits something.
You hear some strange, mumbled words.
You are confused.
You're too confused to cast spells.
You're too confused to move!
Something hits you!
You're too confused to move!
You bump into the rock wall.
You hear some strange, mumbled words.
Something tries to affect you, but you resist.
You bump into the rock wall.
Something hits you.
You bump into the rock wall.
Something hits you.
* * * LOW HITPOINT WARNING * * *
You feel less confused.
You see here an adder skeleton.
A puff of flame appears from out of thin air!
The puff of flame hits you!
You die...

#.#######.# #.#
#o#....<#.####.#
#.#.#####.@.@o.#
#.#.##############
#.#............(.#
#.#########......#
#...# #......#
###.# #.#########
#.# #.@.÷.{o..# #.#
#.#######.# #.# #.#
#.#
#.###############{#
#.................#
#########.÷....####
#......# #......#
#......#


You could see an orc.

Vanquished Creatures
  An adder (D:3)
  A worm (D:2)
  2 dart slugs (D:1)
  3 leopard geckos
  A ball python (D:1)
  3 giant cockroaches
  7 goblins
  6 hobgoblins
  4 jackals (D:1)
  A bat (D:1)
  2 frilled lizards
  5 kobolds
  4 rats
40 creatures vanquished.

Notes
Turn   | Place    | Note
-------+----------+-------------------------------------------
     0 | D:1      | halkony2012 the Draconian Conjurer began the quest for the
                  | Orb.
     0 | D:1      | Reached XP level 1. HP: 14/14 MP: 3/3
   297 | D:1      | Reached XP level 2. HP: 15/20 MP: 3/5
   810 | D:1      | Reached XP level 3. HP: 26/26 MP: 1/6
  1338 | D:2      | Learned a level 2 spell: Searing Ray
  1555 | D:2      | Reached skill level 5 in Conjurations
  2135 | D:3      | Noticed Sigmund
  2281 | D:3      | Killed from afar by Sigmund

Illustrated notes

Levels and vault maps discovered:
D:1:      minmay_arrival_stone_box, layout_loops_cross, minmay_misc_feat_alley
D:2:      layout_basic
D:3:      layout_basic, uniq_sigmund, uniq_crazy_yiuf_cottage, uniq_terence

Skill      XL: |  1  2  3 |
---------------+----------+-----
Dodging        | 2 |  2.1
Conjurations   | 5 |  5.1
Stealth        | |  1.7
Spellcasting   | |  2.3

Action                   || total
-------------------------++-------
Melee: Dagger            ||    30
       Unarmed           ||     6
       Tailslap          ||     7
 Cast: Magic Dart        ||    70
       Searing Ray       ||     2
  Use: Potion            ||     1
 Stab: Sleeping          ||     1
Armor: Skin              ||    20
Dodge: Dodged            ||    36

Table legend: (Time is in decaauts)
 A = Elapsed time spent in this place.
 B = Non-inter-level travel time spent in this place.
 C = Inter-level travel time spent in this place.
 D = Time resting spent in this place.
 E = Time spent auto-exploring this place.
 F = Levels seen in this place.
 G = Mean time per level.
                   A        B        C        D        E       F      G
               +--------+--------+--------+--------+--------+-----+--------+
         Total |   2263 |   2210 |     53 |    210 |   1624 |   3 |  754.3 |
       Dungeon |   2263 |   2210 |     53 |    210 |   1624 |   3 |  754.3 |
               +--------+--------+--------+--------+--------+-----+--------+

Top non-repeatable levels by time:
     D:1: 1206 daAuts
     D:2: 631 daAuts
     D:3: 425 daAuts
